 Dungeon Crawl Stone Soup version bcrawl-1.41.1 (webtiles) character file.

Game seed: 8408323098860410793

312672 tauben the Basher (level 10, 0/111 HPs)
             Began as an Ent Archaeologist on Apr 14, 2024.
             Was an Initiate of Gozag.
             Slain by a komodo dragon (7 damage)
             ... on level 1 of the Lair of Beasts.
             The game lasted 00:25:48 (9986 turns).

tauben the Basher (Ent Archaeologist)               Turns: 9986, Time: 00:25:48

Health: 0/111      AC: 18    Str: 22    XL:     10   Next: 90%
Magic:  13/13      EV: 10    Int: 15    God:    Gozag
Gold:   351        SH:  0    Dex:  8    Spells: 9/9 levels left

rFire    . . .     GDR:     29% E - +2 giant spiked club (freeze)
rCold    + + .     SeeInvis +   (shield currently unavailable)
rNeg     + + +     Gourm    .   (armour unavailable)
rPois    +         Faith    .   c - +1 hat
rElec    .         Spirit   .   (no cloak)
rCorr    .         Reflect  .   (gloves unavailable)
MR       +....     Rnd*Rage +   (boots unavailable)
Stlth    ++........             (no amulet)
HPRegen  0.28/turn              o - ring of protection from cold
MPRegen  0.13/turn              A - ring of see invisible

@: about to teleport, gold aura, very slow
A: large, slow actions, passwall, strong branches, berserk 1, blink, cold
resistance 1, frail 1, negative energy resistance 3, poison resistance, slow
metabolism 1, torment resistance, unbreathing, AC +17
a: Passwall, Blink, Potion Petition, Call Merchant, Bribe Branch, Renounce
Religion


You were on level 1 of the Lair of Beasts.
You worshipped Gozag.
Gozag was aware of your devotion.
You were hungry.

You visited 2 branches of the dungeon, and saw 9 of its levels.
You also visited: Gauntlet.

You collected 1510 gold pieces.
You spent 210 gold pieces at shops.
You paid 949 gold pieces to Gozag.

Inventory:

Hand Weapons
 b - a +0 blowgun
 E - a +2 giant spiked club of freezing (weapon)
 K - the +10 hand axe of Terra Cotta {elec, rPois Str+5, unknown}
   (You found it in a Gauntlet)

   Occasionally, upon striking a foe, it will discharge some electrical energy
   and cause terrible harm.
   It affects your strength (+5).
   It protects you from poison.
Missiles
 d - 6 curare-tipped needles
 m - 610 bolts
 n - 1568 arrows
 s - 269 poisoned tomahawks (quivered)
 w - 256 poisoned needles
Armour
 c - a +1 hat (worn)
 i - the +2 cloak "Luaqiabob" {MR++ Str+6, unknown}
   (You found it in a Gauntlet)

   It affects your strength (+6).
   It affects your resistance to hostile enchantments.
Jewellery
 o - a ring of protection from cold (left hand)
 t - an uncursed ring of flight
 x - an uncursed ring of fire
 A - a ring of see invisible (right hand)
 D - the cursed ring "Bocwamiq" {rElec rPois rN+, unknown}
   (You found it in a Gauntlet)

   [ring of insulation]

   It insulates you from electricity.
   It protects you from poison.
   It protects you from negative energy.
   It has a curse placed upon it.
Wands
 f - a wand of scattershot (1)
 G - a wand of digging (5)
 H - a wand of disintegration (12)
 I - a wand of paralysis (7)
 J - a wand of charming (17)
Scrolls
 a - a scroll of torment {unknown}
 h - 6 scrolls of remove curse
 l - 3 scrolls of fog
 q - 3 scrolls of teleportation
 u - 4 scrolls of amnesia
 v - a scroll of immolation {unknown}
 y - 4 scrolls of enchant armour
 L - a scroll of revelation
Potions
 g - a potion of heal wounds
 j - 3 potions of brilliance
 k - a potion of cancellation
 p - 3 potions of curing
 r - a potion of might
 z - 2 potions of agility
 B - a potion of berserk rage
 C - a potion of magic
 F - a potion of mutation
Comestibles
 e - 11 rations {!d}


   Skills:
 + Level 12.2 Fighting
 + Level 13.2 Maces & Flails
 - Level 2.6 Dodging
 - Level 4.0 Stealth
 - Level 4.0 Evocations


You had 9 spell levels left.
You didn't know any spells.
Your spell library contained the following spells:

 Spells                   Type           Power        Failure   Level  Hunger
 Apportation              Tloc           #.....       26%         1    None
 Corona                   Hex            #......      26%         1    None
 Infusion                 Chrm           #.......     26%         1    None
 Sandblast                Erth           #.....       26%         1    None
 Slow                     Hex            #.......     26%         1    None
 Summon Butterflies       Summ           #.......     26%         1    None
 Corpse Rot               Necr           N/A          38%         2    ####...
 Bolt of Draining         Conj/Necr      #.........   100%        5    #######
 Bolt of Magma            Conj/Fire/Erth #.........   100%        5    #######
 Simulacrum               Ice/Necr       #.......     100%        6    #######


Dungeon Overview and Level Annotations

Branches:
Dungeon (8/12)             Temple (0/1) D:6            Lair (1/6) D:8
    Orc (0/1) D:8

Altars:
Gozag
Yredelemnul
Zin

Shops:
D:7 *   D:8 [

Annotations:
D:6 1 runed door


Innate Abilities, Weirdness & Mutations

You move and act slowly.
You can pass through walls and trees.
Your branches can wield two-handed weapons with a shield.
Your thick bark is tough. (AC +17)
You are too large for most types of armour.
You are immune to negative energy. (rN+++)
Your system is resistant to poisons. (rPois)
You have a slow metabolism.
You are immune to unholy pain and torment.
You can survive without breathing.
You tend to lose your temper in combat.
You can translocate small distances at will.
Your flesh is cold resistant. (rC+)
You are frail. (-10% HP)


Message History

The komodo dragon bites you!
The yak moves out of view.
You are too injured to fight recklessly!
You are too injured to fight recklessly!
You barely miss the komodo dragon. The komodo dragon bites you!!
* * * LOW HITPOINT WARNING * * *
You hear a howl!
You barely miss the komodo dragon. You barely miss the bullfrog.
You hear a howl!
The bullfrog hits you.
* * * LOW HITPOINT WARNING * * *
The komodo dragon bites you!
* * * LOW HITPOINT WARNING * * *
The bullfrog barely misses you.
The komodo dragon bites you but does no damage.
You hear a howl! x2
As you read the scroll of teleportation, it crumbles to dust.
You feel strangely unstable. The bullfrog barely misses you.
The komodo dragon bites you!
You die...
Your body crumbles into a pile of gold.

* **,,* **,,,,,*,,,,,,,*
*,,,, ****,,,**
*,,,*,***,*,**,***,,,*
,,,,,,,,*
*#.≈***,******,,**,,,*
,,,,,,,**
#.≈≈*≈≈≈*,*,*,,,,,,,,
*,***,,*
#..≈≈≈*≈≈≈..,,,,,,,..
*****,,**
#...,**,≈≈.♣*,**,,,.# ,*
*,,,,*
#.S♣*♣♣♣≈≈≈≈*,***,,.# **
**,,P#####..♣♣F...♣*≈≈,*
*,,.# *
*,,........♣@l...♣**≈≈*
*,,.# *
**,,,.......$♣Y♣♣♣♣,*≈,*
*,,.. **
*,,,,###.....^♣♣,,,,≈,,*
*,,.. ,* **,,,*
###...##***,,,,,***,,##
** *,,,* ##..##
*,,,,***,,,## ,* *,,,*
#P..# *,,,** *,,,## **
*,,,* ##..## *,,,*
**,,## * *,,,* #...#
*$,,* *,,,## * *,,,*
#..## *,,,* **,,##


You could see a komodo dragon, a yak and a bullfrog.

Vanquished Creatures
  A minotaur (Gauntlet)
  A cyclops (D:8)
  A minotaur zombie (Gauntlet)
  A komodo dragon (Lair:1)
  A raiju (Gauntlet)
  3 hogs (D:7)
  A human (D:7)
  A ynoxinul (Gauntlet)
  3 steam dragons
  A yak (D:7)
  A basilisk (D:8)
  A water moccasin (Lair:1)
  2 porcupines (Lair:1)
  2 sky beasts
  8 orc warriors
  2 phantoms
  6 ogres
  4 bullfrogs
  A centaur (D:7)
  3 scorpions
  2 howler monkeys
  6 orc priests
  3 crimson imps
  2 quasits (D:5)
  4 bullfrog skeletons
  3 hounds
  2 jellies (D:5)
  3 iron imps (Gauntlet)
  2 iguanas
  8 orc wizards
  7 worker ants
  A hound skeleton (D:8)
  A howler monkey skeleton (D:5)
  7 adders
  6 gnolls
  3 shadow imps
  2 oozes
  2 adder zombies
  2 adder skeletons
  7 worms
  2 dart slugs (D:2)
  7 leopard geckos
  31 orcs
  A giant cockroach (D:3)
  7 goblins
  8 hobgoblins
  9 jackals
  8 kobolds
  7 quokkas
  2 ball pythons
  3 bats (D:1)
  6 frilled lizards
  A jackal zombie (D:6)
  5 rats
  2 plants (Gauntlet)
216 creatures vanquished.

Vanquished Creatures (others)
  An orc wizard (D:7)
  7 plants (Gauntlet)
8 creatures vanquished.

Grand Total: 224 creatures vanquished

Notes
Turn   | Place    | Note
-------+----------+-------------------------------------------
     0 | D:1      | tauben the Ent Archaeologist began the quest for the Orb.
     0 | D:1      | Reached XP level 1. HP: 21/21 MP: 1/1
   202 | D:1      | Reached XP level 2. HP: 27/29 MP: 2/2
   236 | D:1      | Reached skill level 2 in Maces & Flails
   529 | D:1      | Reached XP level 3. HP: 37/37 MP: 3/3
  1038 | D:2      | Reached skill level 3 in Maces & Flails
  1748 | D:2      | Reached XP level 4. HP: 38/47 MP: 4/4
  2123 | D:3      | Noticed an ogre
  2430 | D:3      | Gained mutation: You are frail. (-10% HP) [potion of
                  | mutation]
  2430 | D:3      | Gained mutation: Your flesh is cold resistant. (rC+)
                  | [potion of mutation]
  2430 | D:3      | Gained mutation: You tend to lose your temper in combat.
                  | [potion of mutation]
  2430 | D:3      | Gained mutation: You can translocate small distances at
                  | will. [potion of mutation]
  2430 | D:3      | Killed an ogre
  2431 | D:3      | Reached skill level 4 in Maces & Flails
  2431 | D:3      | Reached XP level 5. HP: 28/52 MP: 5/5
  2431 | D:3      | Identified a scroll of acquirement
  2438 | D:3      | Identified the ring of Circularity {Wiz *Slow MR+++ SInv
                  | Stlth+} (You acquired it on level 3 of the Dungeon)
  2573 | D:3      | Reached skill level 1 in Evocations
  2841 | D:3      | Reached XP level 6. HP: 38/61 MP: 6/6
  2975 | D:3      | Reached skill level 5 in Maces & Flails
  3645 | D:4      | Reached skill level 5 in Fighting
  3645 | D:4      | Reached XP level 7. HP: 34/70 MP: 8/8
  4284 | D:5      | Entered Level 5 of the Dungeon
  4385 | D:5      | Reached skill level 6 in Maces & Flails
  4747 | D:5      | Found an opulent altar of Gozag.
  4754 | D:5      | Became a worshipper of Gozag Ym Sagoz the Greedy
  5115 | D:5      | Reached XP level 8. HP: 35/80 MP: 10/10
  5270 | D:5      | Reached skill level 7 in Maces & Flails
  5355 | D:5      | Found a glowing silver altar of Zin.
  5881 | D:6      | Reached skill level 8 in Maces & Flails
  6111 | D:6      | Got a brightly glowing hand axe
  6134 | D:6      | HP: 4/85 [orc/+0 club (5)]
  6374 | D:6      | Found a staircase to the Ecumenical Temple.
  6428 | D:6      | Found a runed door.
  6460 | D:6      | Reached skill level 9 in Maces & Flails
  6593 | D:6      | Reached XP level 9. HP: 85/94 MP: 12/12
  6792 | D:6      | Found a basalt altar of Yredelemnul.
  7229 | D:7      | Reached skill level 10 in Maces & Flails
  7372 | D:7      | Found Vuded's General Store.
  7400 | D:7      | Bought a ration for 70 gold pieces
  7400 | D:7      | Bought a ration for 70 gold pieces
  7400 | D:7      | Bought a ration for 70 gold pieces
  7624 | D:7      | Reached skill level 10 in Fighting
  7788 | D:7      | Reached skill level 11 in Maces & Flails
  8258 | D:8      | Found Mamewir's Armour Boutique.
  8290 | D:8      | Noticed a six-headed hydra
  8301 | D:7      | Reached XP level 10. HP: 56/108 MP: 13/13
  8430 | D:8      | Found a staircase to the Lair.
  8559 | D:8      | Noticed a cyclops
  8590 | D:8      | Killed a cyclops
  8752 | D:8      | HP: 3/108 [orc berserker/+0 war axe (23)]
  8907 | D:8      | Found a staircase to the Orcish Mines.
  8919 | D:8      | Reached skill level 12 in Maces & Flails
  9154 | Lair:1   | Entered Level 1 of the Lair of Beasts
  9202 | Lair:1   | Found a gate leading to a gauntlet.
  9221 | Gauntlet | Entered a Gauntlet
  9221 | Gauntlet | Found a transporter.
  9221 | Gauntlet | Found a transporter.
  9225 | Gauntlet | Found a transporter.
  9226 | Gauntlet | Found a transporter.
  9231 | Gauntlet | Found a transporter.
  9231 | Gauntlet | Found a transporter.
  9242 | Gauntlet | Noticed a reaper
  9242 | Gauntlet | Found a transporter.
  9246 | Gauntlet | Found a transporter.
  9248 | Gauntlet | Noticed an entropy weaver
  9265 | Gauntlet | Found a transporter.
  9283 | Gauntlet | Found a transporter.
  9327 | Gauntlet | Identified the +0 plate armour of Womeolomp {rCorr}
  9327 | Gauntlet | Identified the ring "Syb Cytu" {Dex+3 Stlth++}
  9545 | Gauntlet | Got a scorched cloak
  9579 | Gauntlet | HP: 1/110 [reaper/+0 scythe of slicing (6)]
  9587 | Gauntlet | Got a transparent bronze ring
  9745 | Gauntlet | Noticed a minotaur
  9753 | Gauntlet | Killed a minotaur
  9754 | Gauntlet | Reached skill level 13 in Maces & Flails
  9757 | Gauntlet | Identified Buss's Tome of Clay and Unholy Arts
  9851 | Gauntlet | Got an encrusted hand axe
  9986 | Lair:1   | Slain by a komodo dragon

Skill      XL: |  1  2  3  4  5  6  7  8  9 10 |
---------------+-------------------------------+-----
Maces & Flails | 2 3 4 5 6 9 11 13 | 13.2
Stealth        | 4 |  4.0
Fighting       | 2 4 5 6 8 10 12 | 12.2
Evocations     | 1 2 3 4 |  4.0
Dodging        | |  2.6

Action                   |  1- 3 |  4- 6 |  7- 9 | 10-12 || total
-------------------------+-------+-------+-------+-------++-------
Melee: Whip              |   221 |   257 |   664 |    68 ||  1210
       Giant spiked club |       |     1 |       |    40 ||    41
Throw: Tomahawk          |       |     3 |    29 |    23 ||    55
Invok: Potion Petition   |       |       |     1 |     3 ||     4
Evoke: Wand              |       |       |    14 |     9 ||    23
  Use: Potion            |       |     7 |     2 |     7 ||    16
       Scroll            |       |     4 |     6 |     9 ||    19
 Stab: Sleeping          |    10 |     6 |     3 |       ||    19
       Invisible         |       |       |     1 |       ||     1
       Paralysed         |       |       |     3 |    11 ||    14
       Distracted        |       |       |     2 |     1 ||     3
  Eat: Chunk             |     7 |     5 |     6 |       ||    18
       Ration            |       |     2 |     6 |     2 ||    10
Armor: Skin              |   106 |   184 |   570 |   108 ||   968
Dodge: Dodged            |   151 |   155 |   474 |    83 ||   863
